 Dungeon Crawl Stone Soup version 0.30.1-4-g462c640d31 (webtiles) character file.

Game seed: 7875962017226807906

17423 spardeous the Thaumaturge (level 11, -5/84 HPs)
             Began as a Demigod Conjurer on Aug 12, 2023.
             Slain by an orc warrior
             ... wielding a +0 scimitar
              (10 damage)
             ... on level 11 of the Dungeon.
             The game lasted 00:29:20 (16673 turns).

spardeous the Thaumaturge (Demigod Conjurer)       Turns: 16673, Time: 00:29:21

Health: -5/84      AC:  6    Str: 18      XL:     11   Next: 91%
Magic:  12/31      EV: 17    Int: 27 (28) God:
Gold:   590        SH:  0    Dex: 12      Spells: 23/34 levels left

rFire   + . .        f - +2 arbalest (elec)
rCold   + . .        (shield currently unavailable)
rNeg    . . .        S - +2 ring mail {rPois}
rPois   +            e - +0 helmet
rElec   .            N - scarf {rC+ rF+}
rCorr   .            m - +0 pair of gloves
SInv    .            (no boots)
Will    +....        K - amulet of magic regeneration Stlth
                     q - +5 ring of evasion
HPRegen 0.34/turn    B - +6 ring of strength
MPRegen 0.62/turn

%: no passive effects
@: confused, on fire, about to teleport, glowing
A: high MP 1, forlorn, divine attributes, [deformed body], [deterioration 2]
a: no special abilities


You were on level 11 of the Dungeon.
You visited 1 branch of the dungeon, and saw 11 of its levels.
You visited the Abyss 1 time.
You also visited: Bailey.

You collected 650 gold pieces.
You spent 60 gold pieces at shops.

Inventory:

Hand Weapons
 f - a +2 arbalest of electrocution (weapon)
 g - a +0 club
 r - a +4 mace of protection
Armour
 e - a +0 helmet (worn)
 m - a +0 pair of gloves (worn)
 I - +0 steam dragon scales
 N - a scarf of resistance (worn)
 S - a +2 ring mail of poison resistance (worn)
Jewellery
 l - a ring of fire
 q - a +5 ring of evasion (left hand)
 w - a +4 ring of protection
 A - an amulet of guardian spirit
 B - a +6 ring of strength (right hand)
 G - a ring of willpower
 K - an amulet of magic regeneration (around neck)
 P - a ring of resist corrosion
Wands
 O - a wand of flame (19)
 Q - a wand of charming (3)
Scrolls
 a - a scroll of identify
 d - 5 scrolls of enchant weapon
 h - a scroll of vulnerability
 k - a scroll of brand weapon
 n - 4 scrolls of fear
 p - 2 scrolls of enchant armour
 s - a scroll of teleportation
 u - 3 scrolls of fog
 x - 2 scrolls of amnesia {unknown}
 y - 3 scrolls of noise
 D - 5 scrolls of immolation {unknown}
 F - 2 scrolls of poison
 H - a scroll of silence
 L - 4 scrolls of magic mapping
Potions
 b - 2 potions of magic
 c - a potion of curing
 j - a potion of degeneration {unknown}
 o - 6 potions of might
 t - 4 potions of lignification {unknown}
 v - 2 potions of heal wounds {unknown}
 z - 3 potions of invisibility {unknown}
 C - 4 potions of flight {unknown}
 E - a potion of ambrosia {unknown}
 J - 2 potions of cancellation {unknown}
 M - a potion of haste {unknown}


   Skills:
 + Level 4.1 Fighting
 - Level 4.1 Dodging
 - Level 1.7 Stealth
 - Level 12.0 Spellcasting
 - Level 8.5 Conjurations
 - Level 9.4 Translocations


You had 23 spell levels left.
You knew the following spells:

 Your Spells              Type           Power      Damage    Failure   Level
a - Magic Dart            Conj           100%       1d8       1%          1
b - Searing Ray           Conj           100%       2d8       1%          2
c - Iskenderun's Mystic   Conj/Tloc      59%        2d12      1%          4
d - Fulminant Prism       Conj/Hex       19%        3d10      11%         4

Your spell library contained the following spells:

 Spells                   Type           Power      Damage    Failure   Level
 Manifold Assault         Tloc           61%        N/A       1%          4
 Portal Projectile        Hex/Tloc       82%        N/A       2%          3
 Dazzling Flash           Conj/Hex       78%        N/A       3%          3
 Beastly Appendage        Tmut           32%        N/A       6%          1
 Mephitic Cloud           Conj/Pois/Air  31%        N/A       6%          3
 Call Imp                 Summ           32%        N/A       10%         2
 Wereblood                Tmut           16%        N/A       10%         2
 Call Canine Familiar     Summ           16%        N/A       19%         3
 Spider Form              Tmut/Pois      16%        N/A       19%         3
 Dispersal                Tloc           30%        N/A       21%         6
 Leda's Liquefaction      Hex/Erth       8%         N/A       52%         4
 Agony                    Necr           16%        N/A       86%         5
 Silence                  Hex/Air        8%         N/A       86%         5
 Disjunction              Tloc           30%        N/A       100%        8


Dungeon Overview and Level Annotations

Branches:
Dungeon (11/15)            Temple (0/1) D:5            Lair (0/5) D:8
    Orc (0/2) D:11         Bailey (visited)

Shops:
D:3 ?   D:10 [


Innate Abilities, Weirdness & Mutations

You have an increased reservoir of magic. (+10% MP)
You shall have no god before yourself.
Your divine heritage dramatically boosts your attributes as you level up.
[Armour fits poorly on your strangely shaped body.]
[Your body often deteriorates upon taking damage.]


Message History

The wretched star is heavily damaged.
The wretched star is knocked back by the mystic blast.
You now have 10/31 mp.
Unknown command.
The wretched star pulses with an eldritch light!
Your body twists and deforms.
The balrug barely misses you.
A glowing orange brain comes into view.
The raiju bursts into living lightning!
The living lightning misses you.
The raiju blinks!
Found a gateway leading out of the Abyss.
Unknown command.
Blink to where?
Press: ? - help, Dir - move target
As you read the scroll of blinking, it crumbles to dust.
A blizzard demon comes into view.
The wretched star pulses with an eldritch light!
The blizzard demon shouts!
The raiju bursts into living lightning!
The living lightning hits you!
* * * LOW HITPOINT WARNING * * *
The raiju blinks!
The balrug gestures at you. The sticky flame hits you. You resist.
You are covered in liquid flames!
* * * LOW HITPOINT WARNING * * *
The raiju bursts into living lightning!
The living lightning hits you!
* * * LOW HITPOINT WARNING * * *
Your body deteriorates!
You feel dopey.
The living lightning hits the raiju.
The raiju completely resists.
The raiju blinks! x2
The glowing orange brain pulsates.
You are confused.
You pass through the gate.
Welcome back to the Dungeon!
You are covered in liquid flames!
* * * LOW HITPOINT WARNING * * *
The orc warrior hits you with a +0 scimitar!
You die... #.# #(# ######## #.###)# ####### ####.(.<(# #8gTK8# ..)####### #Koogg# ##.####### #Ko>go# ##)).....# Kgoo. ..)..)...# g)g

.........#
#####'#####
....######
#....@o...#
....#
##.#######.#
....# #..##
....# #...+
##### #.###
.# ####.# .#
#....# .#
#....# .#
#....#


You could see a troll, 4 orc warriors, 4 kobold brigands, 6 gnoll sergeants, a
gnoll and 3 orcs.

Vanquished Creatures
  A boulder beetle (D:11)
  Erica (D:10)
  3 two-headed ogres
  The ghost of booth the Ducker, a novice DjFE of Hepliaklqana (D:7)
  An orc knight (Bailey)
  An elephant (D:8)
  2 unseen horrors
  A kobold demonologist (D:11)
  A meliai (D:7)
  2 trolls (D:11)
  A hornet (D:9)
  A raiju (Abyss:1)
  2 flying skulls (Abyss:1)
  A wraith (D:11)
  2 shadows (D:11)
  A vampire (D:11)
  A spriggan (D:10)
  2 small abominations
  3 wyverns (D:8)
  A basilisk (D:8)
  13 yaks
  2 steam dragons
  The ghost of cdecastro the Changer, an amateur DrTm (D:4)
  4 vampire mosquitoes (D:10)
  A large abomination (Abyss:1)
  3 water moccasins
  17 orc warriors
  3 ice beasts (D:5)
  2 black bears
  2 sky beasts
  3 ogres
  5 phantoms
  5 centaurs
  4 kobold brigands
  4 bullfrogs
  6 scorpions
  A wight (D:8)
  13 killer bees
  2 electric eels (D:8)
  4 howler monkeys
  A crimson imp (D:8)
  A jelly (D:5)
  7 orc priests
  A gnoll bouda (D:5)
  7 hounds
  6 sleepcaps
  2 iguanas (D:7)
  13 orc wizards
  3 gnolls (D:5)
  6 adders
  2 river rats (D:4)
  5 shadow imps
  3 ufetubi
  2 worms
  A dart slug (D:1)
  47 orcs
  6 ball pythons
  11 bats
  9 endoplasms
  16 giant cockroaches
  7 goblins
  4 hobgoblins
  7 jackals (D:1)
  6 quokkas
  A frilled lizard (D:3)
  A goblin skeleton (D:8)
  3 hobgoblin zombies (D:8)
  22 kobolds
  2 orc skeletons (D:8)
  3 rats (D:3)
329 creatures vanquished.

Notes
Turn   | Place    | Note
-------+----------+-------------------------------------------
     0 | D:1      | spardeous the Demigod Conjurer began the quest for the Orb.
     0 | D:1      | Reached XP level 1. HP: 14/14 MP: 5/5
   166 | D:1      | Reached skill level 2 in Spellcasting
   339 | D:1      | Reached XP level 2. HP: 9/20 MP: 1/7
  1225 | D:2      | Reached XP level 3. HP: 24/26 MP: 3/9
  2020 | D:2      | Learned a level 2 spell: Searing Ray
  2326 | D:3      | Reached skill level 3 in Spellcasting
  2326 | D:3      | Reached XP level 4. HP: 33/33 MP: 7/11
  2634 | D:3      | Learned a level 4 spell: Iskenderun's Mystic Blast
  2667 | D:3      | Found Dafopymo's Magic Scroll Shop.
  2712 | D:3      | Bought a scroll of identify for 20 gold pieces
  2712 | D:3      | Bought a scroll of fog for 40 gold pieces
  3119 | D:4      | Found a runed translucent door.
  3123 | D:4      | Noticed cdecastro's ghost (amateur DrTm)
  3219 | D:4      | Reached skill level 5 in Conjurations
  3219 | D:4      | Reached XP level 5. HP: 38/38 MP: 4/13
  3224 | D:4      | Learned a level 4 spell: Fulminant Prism
  3509 | D:4      | Noticed an ogre
  3719 | D:4      | Reached skill level 4 in Spellcasting
  3907 | D:4      | Reached XP level 6. HP: 44/45 MP: 8/15
  4425 | D:4      | Reached skill level 1 in Translocations
  5139 | D:4      | Found a runed translucent door.
  5195 | D:4      | Killed cdecastro's ghost
  5196 | D:4      | Reached XP level 7. HP: 32/50 MP: 1/16
  5338 | D:5      | Entered Level 5 of the Dungeon
  5551 | D:5      | Reached XP level 8. HP: 17/57 MP: 1/17
  6202 | D:5      | Reached skill level 5 in Translocations
  6614 | D:5      | Found a staircase to the Ecumenical Temple.
  7334 | D:6      | Reached skill level 5 in Spellcasting
  7572 | D:6      | Reached XP level 9. HP: 62/62 MP: 7/21
  8318 | D:7      | Found a flagged portal.
  8346 | D:7      | Reached skill level 6 in Spellcasting
  8381 | D:7      | Found a runed translucent gate.
  8383 | D:7      | Found a runed translucent gate.
  8399 | Bailey   | Entered a bailey
  8741 | Bailey   | Reached skill level 7 in Spellcasting
  9338 | Bailey   | Reached skill level 8 in Spellcasting
  9676 | Bailey   | Noticed an orc knight
 10031 | Bailey   | Killed an orc knight
 10180 | D:7      | Noticed booth's ghost (novice DjFE)
 10284 | D:7      | Reached skill level 1 in Fighting
 10309 | D:7      | Reached XP level 10. HP: 73/73 MP: 26/26
 10372 | D:7      | Found a runed translucent gate.
 10583 | D:8      | Noticed an elephant
 10612 | D:8      | Killed an elephant
 11003 | D:8      | Found a staircase to the Lair.
 11335 | D:8      | Noticed a two-headed ogre
 11342 | D:8      | Killed a two-headed ogre
 12960 | D:7      | Killed booth's ghost
 13108 | D:9      | Noticed a two-headed ogre
 13114 | D:9      | Killed a two-headed ogre
 13115 | D:9      | Reached skill level 9 in Spellcasting
 13115 | D:9      | Reached XP level 11. HP: 79/79 MP: 26/28
 13918 | D:10     | Entered Level 10 of the Dungeon
 13930 | D:10     | Found Lovof's Armour Shoppe.
 14212 | D:10     | Reached skill level 10 in Spellcasting
 14742 | D:10     | Noticed a two-headed ogre
 14750 | D:10     | Killed a two-headed ogre
 14974 | D:10     | Noticed Erica
 14983 | D:10     | Killed Erica
 15334 | D:11     | Reached skill level 11 in Spellcasting
 15762 | D:11     | Noticed a boulder beetle
 15774 | D:11     | Killed a boulder beetle
 16097 | D:11     | Reached skill level 12 in Spellcasting
 16340 | D:11     | Found a staircase to the Orcish Mines.
 16341 | Abyss:1  | Cast into level 1 of the Abyss (gnoll sergeant)
 16481 | Abyss:1  | Noticed a large abomination
 16481 | Abyss:1  | Noticed a wretched star
 16494 | Abyss:2  | Noticed a large abomination
 16655 | Abyss:3  | Noticed a balrug
 16659 | Abyss:3  | Noticed a wretched star
 16666 | Abyss:3  | Noticed a sun demon
 16666 | Abyss:3  | Noticed a sun demon
 16666 | Abyss:3  | Noticed a sun demon
 16668 | Abyss:3  | Noticed a sun demon
 16668 | Abyss:3  | Noticed a dread lich
 16670 | Abyss:3  | Noticed a glowing orange brain
 16671 | Abyss:3  | Noticed a blizzard demon
 16673 | D:11     | Escaped the Abyss
 16673 | D:11     | HP: 4/84 [burnt (2)]
 16673 | D:11     | Slain by an orc warrior

Illustrated notes

Levels and vault maps discovered:
D:1:      lemuel_arrival_cross, layout_loops_cross,
          amcnicky_mini_corridor_feature
D:2:      minmay_roachtagon, layout_basic, basic_altar
D:3:      layout_basic, serial_shops, nicolae_shop_statue_plus,
          minmay_misc_feat_rows, grunt_ministairs_5
D:4:      minmay_chambers_of_twos, layout_basic, pf_just_have_faith,
          nicolae_dithmenos_the_darkroom, ebering_ghost_sewer_f
D:5:      layout_basic, mainiacjoe_overflow_brackets, lemuel_crystal_altar,
          nicolae_gozag_seed_capital, okawaru_trees_1, minmay_temple_entry_hall,
          minmay_ruined_shrine
D:6:      layout_loops_ring
D:7:      layout_rooms, gammafunk_ghost_split, enter_bailey_2,
          mrwooster_statue_mirror
D:8:      layout_loops_cross, xom_confusion_cloud,
          mainiacjoe_overflow_small_starburst, mainiacjoe_overflow_alcove_2,
          nicolae_qazlal_eye_of_the_storm, nicolae_tso_besieged_by_evil,
          david_lair_generic, serial_bayou, serial_bayou_ford_a,
          serial_bayou_lagoon_a, serial_bayou_pond_e, serial_bayou_pond_e
D:9:      layout_rooms, kennysheep_donut, grunt_decor_resistance
D:10:     layout_rooms, minitemple, serial_shops, nicolae_shop_scrapyard,
          the_hattery, uniq_erica
D:11:     layout_basic, kennysheep_orc_monster_closet_entryway, fedhas_altar_2

Skill      XL: |  1  2  3  4  5  6  7  8  9 10 11 |
---------------+----------------------------------+-----
Spellcasting   | 2 3 4 5 8 9 12 | 12.0
Conjurations   | 4 5 6 7 8 |  8.5
Translocations | 2 4 6 9 |  9.4
Dodging        | 4 |  4.1
Fighting       | 2 4 |  4.1
Stealth        | |  1.7

Action                     |  1- 3 |  4- 6 |  7- 9 | 10-12 || total
---------------------------+-------+-------+-------+-------++-------
  Melee: Club              |    65 |       |       |       ||    65
         Mace              |       |     2 |     2 |       ||     4
   Fire: Arbalest          |       |       |    30 |   188 ||   218
   Cast: Magic Dart        |   114 |    72 |    29 |     2 ||   217
         Searing Ray       |     1 |    17 |    64 |     1 ||    83
         Iskenderun's Myst |       |     1 |    45 |   186 ||   232
    Use: Scroll            |       |     6 |     3 |     5 ||    14
         Potion            |       |       |     3 |     2 ||     5
 Armour: Robe              |    37 |     2 |       |       ||    39
         Ring mail         |       |     4 |    15 |     8 ||    27
         Steam dragon scal |       |       |    12 |    32 ||    44
  Dodge: Dodged            |   104 |    35 |   165 |   194 ||   498
